 Dungeon Crawl Stone Soup version 0.29-a0-352-g0917bc69df (webtiles) character file.

Game seed: 13463609743665188421

2538 Ijustatesigmund the Thaumaturge (level 9, -4/47 HPs)
             Began as a Deep Elf Conjurer on Apr 23, 2022.
             Was a Follower of Vehumet.
             Killed from afar by a gargoyle (19 damage)
             ... with a stone arrow
             ... on level 8 of the Dungeon.
             The game lasted 00:19:22 (8666 turns).

Ijustatesigmund the Thaumaturge (Deep Elf Conjurer) Turns: 8666, Time: 00:19:23

Health: -4/47      AC: 11    Str:  8    XL:     9   Next: 30%
Magic:  10/25      EV: 17    Int: 33    God:    Vehumet [*.....]
Gold:   147        SH:  0    Dex: 13    Spells: 20/28 levels left

rFire   . . .      SeeInvis .   k - staff of conjuration
rCold   . . .      Faith    .   (no shield)
rNeg    . . .      Spirit   .   a - +2 leather armour {rPois}
rPois   +          Reflect  .   (no helmet)
rElec   .          Harm     .   (no cloak)
rCorr   .          Rampage  .   (no gloves)
Will    .....                   w - +1 pair of boots
Stlth   ++........              E - amulet of Elitism {Acrobat rPois Str+4 Int+5 Slay-4}
HPRegen 0.15/turn               c - +4 ring of protection
MPRegen 0.19/turn               n - +4 ring of evasion

@: no status effects
A: no striking features
a: Renounce Religion


You were on level 8 of the Dungeon.
You worshipped Vehumet.
Vehumet was aware of your devotion.
You visited 2 branches of the dungeon, and saw 9 of its levels.
You also visited: Sewer.

You collected 292 gold pieces.
You spent 145 gold pieces at shops.

Inventory:

Hand Weapons
 g - a +4 vorpal short sword
Armour
 a - a +2 leather armour of poison resistance (worn)
 o - a +0 tower shield
 w - a +1 pair of boots (worn)
 F - +0 acid dragon scales
Magical Staves
 k - a staff of conjuration (weapon)
 q - a staff of death
Jewellery
 c - a +4 ring of protection (left hand)
 n - a +4 ring of evasion (right hand)
 v - a ring of protection from fire
 E - the amulet of Elitism (around neck) {Acrobat rPois Str+4 Int+5 Slay-4}
   (You found it on level 8 of the Dungeon)

   [amulet of the acrobat]

   It increases your evasion while moving and waiting.
   Str:       It affects your strength (+4).
   Int:       It affects your intelligence (+5).
   Slay:      It affects your accuracy & damage with ranged weapons and melee
   (-4).
   rPois:     It protects you from poison.
Wands
 x - a wand of digging (3)
 y - a wand of charming (8)
Scrolls
 d - 2 scrolls of amnesia
 i - a scroll of teleportation
 m - 3 scrolls of immolation
 r - 4 scrolls of blinking
 s - a scroll of fear
 t - 2 scrolls of identify
Potions
 b - a potion of magic
 e - a potion of might
 f - 3 potions of curing
 h - a potion of resistance
 j - 2 potions of attraction
 l - 4 potions of haste {unknown}
 p - 3 potions of cancellation
 u - a potion of brilliance {unknown}
 z - 2 potions of berserk rage {unknown}
 A - 3 potions of invisibility {unknown}
 B - 2 potions of heal wounds {unknown}
 C - 3 potions of degeneration {unknown}
 D - a potion of flight {unknown}


   Skills:
 + Level 1.4 Fighting
 - Level 3.1 Armour
 - Level 5.0 Dodging
 - Level 3.9 Stealth
 + Level 10.1 Spellcasting
 + Level 9.3 Conjurations
 + Level 1.8 Air Magic
 + Level 2.0 Earth Magic


You had 20 spell levels left.
You knew the following spells:

 Your Spells              Type           Power      Damage    Failure   Level
a - Magic Dart            Conj           100%       1d8       1%          1
b - Searing Ray           Conj           100%       2d8       1%          2
c - Passwall              Tmut/Erth      19%        N/A       4%          2
d - Swiftness             Air            28%        N/A       5%          3

Your spell library contained the following spells:

 Spells                   Type           Power      Damage    Failure   Level
 Sandblast                Erth           60%        2d14      1%          1
 Dazzling Flash           Conj/Hex       100%       N/A       1%          3
 Freeze                   Ice            64%        1d8       4%          1
 Summon Small Mammal      Summ           64%        N/A       4%          1
 Ensorcelled Hibernation  Hex/Ice        32%        N/A       6%          2
 Fulminant Prism          Conj/Hex       31%        3d16      6%          4
 Hailstorm                Conj/Ice       63%        3d13      6%          4
 Iskenderun's Mystic Bla  Conj/Tloc      63%        2d13      6%          4
 Call Canine Familiar     Summ           16%        N/A       12%         3
 Frozen Ramparts          Ice            32%        1d5       12%         3
 Summon Guardian Golem    Hex/Summ       16%        N/A       12%         3
 Tukima's Dance           Hex            16%        N/A       12%         3
 Anguish                  Hex/Necr       8%         N/A       36%         4
 Enfeeble                 Hex            8%         N/A       100%        7


Dungeon Overview and Level Annotations

Branches:
Dungeon (8/15)             Temple (1/1) D:4           Sewer (visited)
   Lair: D:8-11

Altars:
Ashenzari
Cheibriados
Dithmenos
Elyvilon
Fedhas
Gozag
Hepliaklqana
Kikubaaqudgha
Makhleb
Nemelex Xobeh
Okawaru
Qazlal
Ru
Sif Muna
Trog
Uskayaw
Vehumet
Wu Jian
Xom
Yredelemnul
Zin
The Shining One

Shops:
D:5 *

Annotations:
D:5 1 runed translucent door, Thargor's ghost, novice TrTm


Message History

The searing ray hits the gargoyle but does no damage.
The gargoyle is heavily damaged.
You finish channelling your searing ray.
The gargoyle misses you.
It was a potion of cancellation.
You feel magically purged. The gargoyle closely misses you.
Casting: Searing Ray (safe; 1% risk of failure)
Confirm with . or Enter, or press ? or * to list all spells.
Aiming: Searing Ray (safe; 1% risk of failure)
Press: ? - help, Shift-Dir - straight line, f/p - gargoyle
Aim: a gargoyle, wielding a +0 flail (heavily damaged, 92% to hit)
You feel a surge of power!
The searing ray hits the gargoyle but does no damage.
The gargoyle is heavily damaged. (Press . to maintain the ray.)
The gargoyle misses you.
The searing ray hits the gargoyle.
The gargoyle is heavily damaged.
The gargoyle completely misses you.
The searing ray hits the gargoyle.
The gargoyle is severely damaged.
The gargoyle hurls a stone arrow at you.
The stone arrow hits you!
The searing ray hits the gargoyle!
The gargoyle is almost destroyed.
You finish channelling your searing ray.
The gargoyle hurls a stone arrow at you.
The stone arrow misses you.
Casting: Searing Ray (safe; 1% risk of failure)
Confirm with . or Enter, or press ? or * to list all spells.
Aiming: Searing Ray (safe; 1% risk of failure)
Press: ? - help, Shift-Dir - straight line, f/p - gargoyle
Aim: a gargoyle, wielding a +0 flail (almost destroyed, 92% to hit)
You feel a surge of power!
The searing ray hits the gargoyle but does no damage.
The gargoyle is almost destroyed. (Press . to maintain the ray.)
The gargoyle hurls a stone arrow at you.
The stone arrow hits you!!
You die...

#............. #........#
###............. #........#
............... #####........#
............... ............#
..........###### #..........#
..........#....# #.<........#
..........'....# .#......^...#
###.......#....###..###........#
..'.......#.....@9....#........#
..#.......#...........+........#
. #....†..#....######+#........#
#.......#....# #........#
###.......####### #........#
.........)..))).# #........#
................# #........#
...#######......# #........# ...
#......#######........#


You could see a gargoyle.

Vanquished Creatures
  Grinder (D:4)
  Menkaure (D:7)
  A water moccasin (D:5)
  2 acid dragons
  Duvessa (D:5)
  An orc warrior (D:7)
  3 ice beasts
  2 ogres
  A centaur (D:6)
  A kobold brigand (Sewer)
  A bullfrog (D:7)
  A scorpion (D:7)
  5 wights (D:8)
  Dowan (D:5)
  2 howler monkeys
  4 hounds
  2 jellies
  An orc priest (D:3)
  3 iguanas
  4 orc wizards
  4 gnolls
  4 adders
  2 river rats (Sewer)
  A shadow imp (D:6)
  2 white imps (D:6)
  3 ufetubi
  3 worms
  2 dart slugs
  7 orcs
  8 bats
  9 endoplasms
  4 giant cockroaches
  7 goblins
  5 hobgoblins
  2 jackals (D:3)
  6 quokkas
  7 ball pythons
  A frilled lizard (D:1)
  11 kobolds
  6 rats
132 creatures vanquished.

Vanquished Creatures (others)
  7 fungi
  4 toadstools (D:8)
11 creatures vanquished.

Grand Total: 143 creatures vanquished

Notes
Turn   | Place    | Note
-------+----------+-------------------------------------------
     0 | D:1      | Ijustatesigmund the Deep Elf Conjurer began the quest for
                  | the Orb.
     0 | D:1      | Reached XP level 1. HP: 10/10 MP: 6/6
   144 | D:1      | Found a faded altar of an unknown god.
   158 | D:1      | Reached XP level 2. HP: 15/15 MP: 1/8
   161 | D:1      | Learned a level 2 spell: Searing Ray
   875 | D:2      | Reached skill level 4 in Spellcasting
   919 | D:2      | Found a shadowy altar of Dithmenos.
  1162 | D:2      | Reached XP level 3. HP: 19/19 MP: 8/10
  1262 | D:2      | Reached skill level 5 in Conjurations
  2288 | D:3      | Reached XP level 4. HP: 24/24 MP: 5/12
  2296 | D:3      | Reached skill level 5 in Spellcasting
  2684 | D:3      | Reached XP level 5. HP: 28/28 MP: 12/14
  3169 | D:4      | Found a staircase to the Ecumenical Temple.
  3188 | Temple   | Entered the Ecumenical Temple
  3583 | Temple   | Became a worshipper of Vehumet
  3942 | D:4      | Noticed Grinder
  3951 | D:4      | Killed Grinder
  3952 | D:4      | Reached skill level 6 in Spellcasting
  3952 | D:4      | Reached XP level 6. HP: 32/32 MP: 4/17
  4370 | D:5      | Entered Level 5 of the Dungeon
  4387 | D:5      | Noticed a water moccasin
  4393 | D:5      | Reached XP level 7. HP: 27/36 MP: 11/19
  4399 | D:5      | Reached skill level 7 in Spellcasting
  4483 | D:5      | Found a glowing drain.
  4494 | Sewer    | Entered a sewer
  4754 | Sewer    | Reached skill level 5 in Dodging
  5027 | Sewer    | Reached * piety under Vehumet
  5027 | Sewer    | Offered knowledge of Sandblast by Vehumet.
  5228 | D:5      | Noticed Duvessa
  5238 | D:5      | Killed Duvessa
  5239 | D:5      | Reached skill level 8 in Spellcasting
  5397 | D:5      | Noticed Dowan
  5797 | D:5      | Killed Dowan
  5798 | D:5      | Reached XP level 8. HP: 33/41 MP: 14/22
  5911 | D:5      | Found a runed translucent door.
  6007 | D:5      | Noticed Thargor's ghost (novice TrTm)
  6219 | D:5      | Found Kueclih's Assorted Antiques.
  6229 | D:5      | Bought a pearl ring for 145 gold pieces
  6273 | D:5      | Reached skill level 1 in Armour
  6557 | D:5      | Found a snail-covered altar of Cheibriados.
  7271 | D:6      | Reached skill level 9 in Spellcasting
  7683 | D:7      | Learned a level 2 spell: Passwall
  7687 | D:7      | Learned a level 3 spell: Swiftness
  7781 | D:7      | Reached XP level 9. HP: 45/45 MP: 16/24
  8065 | D:7      | Noticed Menkaure
  8073 | D:7      | Killed Menkaure
  8074 | D:7      | Reached skill level 1 in Earth Magic
  8247 | D:8      | Identified the amulet of Elitism {Acrobat rPois Str+4 Int+5
                  | Slay-4}
  8464 | D:8      | Reached skill level 1 in Fighting
  8464 | D:8      | Reached skill level 1 in Air Magic
  8479 | D:8      | Reached skill level 10 in Spellcasting
  8652 | D:8      | Noticed a gargoyle
  8666 | D:8      | Killed from afar by a gargoyle

Illustrated notes

Levels and vault maps discovered:
D:1:      dpeg_arrival_houses_and_road, layout_rooms,
          shapermc_ecumenical_altar_gd
D:2:      layout_basic, basic_altar, chequers_mini_garden,
          minmay_randomly_rotated_circles
D:3:      layout_loops_ring, item_on_display_a
D:4:      layout_gridville, minmay_temple_entry_mist, uniq_grinder
D:5:      layout_basic, mainiacjoe_overflow_alcove_4,
          hellmonk_ghost_happy_afterlife, portal_sewer_entry_f, serial_shops,
          nicolae_shop_overgrown_old_shop, uniq_duvessa
D:6:      layout_basic, grunt_decor_one_mirror, nrook_mini_backslash
D:7:      layout_rooms, eino_tiny_chamber, minmay_misc_feat_cross,
          kennysheep_potato, uniq_menkaure
D:8:      minmay_chambers_of_sixes, layout_gridville,
          chequers_serial_rivers_micro_a, minmay_gold_behind_fungi,
          minmay_microvault, uniq_pikel
Temple:   mainiacjoe_temple_trianglar_array

Skill      XL: |  1  2  3  4  5  6  7  8  9 |
---------------+----------------------------+-----
Spellcasting   | 4 5 6 8 9 10 | 10.1
Conjurations   | 5 6 7 9 |  9.3
Dodging        | 3 4 5 |  5.0
Stealth        | 3 |  3.9
Armour         | 3 |  3.1
Earth Magic    | 2 |  2.0
Fighting       | 1 |  1.4
Air Magic      | 1 |  1.8

Action                   |  1- 3 |  4- 6 |  7- 9 || total
-------------------------+-------+-------+-------++-------
Melee: Short sword       |     3 |       |       ||     3
       Staff             |       |     1 |       ||     1
 Cast: Magic Dart        |    65 |    54 |   120 ||   239
       Searing Ray       |     2 |     6 |    44 ||    52
  Use: Scroll            |    10 |     3 |     7 ||    20
       Potion            |       |     2 |     2 ||     4
 Stab: Sleeping          |       |     1 |       ||     1
Armor: Robe              |     4 |     1 |     5 ||    10
       Leather armour    |       |       |     6 ||     6
Dodge: Dodged            |    14 |     6 |    42 ||    62

Table legend: (Time is in decaauts)
 A = Elapsed time spent in this place.
 B = Non-inter-level travel time spent in this place.
 C = Inter-level travel time spent in this place.
 D = Time resting spent in this place.
 E = Time spent auto-exploring this place.
 F = Levels seen in this place.
 G = Mean time per level.
                   A        B        C        D        E       F      G
               +--------+--------+--------+--------+--------+-----+--------+
         Total |   8736 |   8215 |    521 |   1624 |   5654 |  10 |  873.6 |
       Dungeon |   7569 |   7094 |    475 |   1339 |   4939 |   8 |  946.1 |
        Temple |    418 |    373 |     45 |      0 |    368 |   1 |  418.0 |
         Sewer |    747 |    747 |      0 |    285 |    347 |   1 |  747.0 |
               +--------+--------+--------+--------+--------+-----+--------+

Top non-repeatable levels by time:
     D:2: 1563 daAuts
     D:5: 1295 daAuts
     D:4: 1176 daAuts
     D:3: 1000 daAuts
     D:7: 910 daAuts
   Sewer: 747 daAuts
     D:1: 602 daAuts
     D:6: 596 daAuts
     D:8: 424 daAuts
  Temple: 418 daAuts
